 Dungeon Crawl Stone Soup version 0.30.0-29-ga12c61a403 (webtiles) character file.

Game seed: 6385798280931454508

1467 NateTC the Cleaver (level 8, -11/71 HPs)
             Began as a Minotaur Fighter on June 17, 2023.
             Was a Follower of Trog.
             Mangled by Joseph
             ... wielding a +1 spectral quarterstaff
              (13 damage)
             ... on level 7 of the Dungeon.
             The game lasted 00:07:48 (5398 turns).

NateTC the Cleaver (Minotaur Fighter)               Turns: 5398, Time: 00:07:48

Health: -11/71     AC:  5    Str: 22    XL:     8   Next: 48%
Magic:  7/7        EV:  6    Int:  5    God:    Trog [*.....]
Gold:   315        SH:  5    Dex: 11    Spells: 7/7 levels left

rFire   . . .        a - +1 war axe (spect)
rCold   . . .        c - +0 buckler
rNeg    . . .        n - +0 plate armour
rPois   .            (helmet restricted)
rElec   .            (no cloak)
rCorr   .            (no gloves)
SInv    .            o - +0 pair of boots
Will    .....        (no amulet) Stlth
                     (no ring)
HPRegen 0.31/turn    (no ring)
MPRegen 0.10/turn

%: no passive effects
@: silenced, corroded
A: horns 2, retaliatory headbutt
a: Renounce Religion


You were on level 7 of the Dungeon.
You worshipped Trog.
Trog was aware of your devotion.
You visited 1 branch of the dungeon, and saw 7 of its levels.

You collected 315 gold pieces.

Inventory:

Hand Weapons
 a - a +1 spectral war axe (weapon)
Armour
 c - a +0 buckler (worn)
 n - a +0 plate armour (worn)
 o - a +0 pair of boots (worn)
Wands
 q - a wand of digging (9)
Scrolls
 e - 3 scrolls of teleportation
 j - a scroll of silence
Potions
 b - a potion of resistance
 d - a potion of might
 f - a potion of invisibility {unknown}
 g - a potion of berserk rage
 h - a potion of brilliance
 i - 2 potions of flight
 l - a potion of haste {unknown}
 m - a potion of magic {unknown}
 r - a potion of mutation {unknown}
 s - a potion of lignification {unknown}


   Skills:
 - Level 6.3 Fighting
 * Level 10.0 Axes
 + Level 5.6 Armour
 - Level 5.6 Shields
 + Level 0.0 Evocations


You had 7 spell levels left.
You didn't know any spells.
Your spell library contained the following spells:

 Spells                   Type           Power      Damage    Failure   Level
 Sting                    Tmut/Pois      0%         1d3       100%        1
 Poisonous Vapours        Pois/Air       0%         N/A       100%        2
 Dazzling Flash           Conj/Hex       0%         N/A       100%        3
 Ozocubu's Armour         Ice            0%         N/A       100%        3
 Portal Projectile        Hex/Tloc       0%         N/A       100%        3
 Tukima's Dance           Hex            0%         N/A       100%        3
 Ice Form                 Ice/Tmut       0%         N/A       100%        4
 Manifold Assault         Tloc           0%         N/A       100%        4
 Olgreb's Toxic Radiance  Pois           0%         N/A       100%        4
 Summon Ice Beast         Ice/Summ       0%         N/A       100%        4
 Agony                    Necr           0%         N/A       100%        5
 Blade Hands              Tmut           0%         N/A       100%        5
 Freezing Cloud           Conj/Ice/Air   0%         6-21      100%        5
 Silence                  Hex/Air        0%         N/A       100%        5


Dungeon Overview and Level Annotations

Branches:
Dungeon (7/15) Zot: 26969  Temple (0/1) D:7

Altars:
Qazlal
Ru
Trog
Vehumet

Shops:
D:6 [

Annotations:
D:7 Joseph


Innate Abilities, Weirdness & Mutations

You have a pair of horns on your head.
You reflexively headbutt those who attack you in melee.


Message History

There is an open door here.
You open the door.
There is an open door here.
A white imp comes into view.
The white imp shouts!
Joseph, a Mercenary comes into view.
He is wielding a +1 spectral quarterstaff and carrying a wand of acid (10).
The white imp gestures at you. You block the puff of frost.
Joseph shouts!
The white imp gestures at you.
The puff of frost hits you but does no damage.
The white imp hits you but does no damage.
You slash the white imp!
The white imp is severely wounded.
Joseph zaps a wand.
The bolt of acid hits the white imp!
The acid corrodes the white imp!
The white imp dies!
The bolt of acid hits you! The acid corrodes you!
Joseph unwields a +1 spectral quarterstaff.
Joseph wields a +3 sling.
Joseph shoots a sling bullet.
The sling bullet hits you!
You barely miss Joseph.
Joseph unwields a +3 sling.
Joseph wields a +1 spectral quarterstaff.
Joseph barely misses you.
You hit Joseph. Your headbutt misses Joseph.
Joseph is lightly wounded.
Joseph zaps a wand.
The bolt of acid hits you! The acid corrodes you!
You hit Joseph but do no damage.
Joseph is lightly wounded.
Joseph hits you with a +1 spectral quarterstaff!
You hit Joseph.
Joseph is lightly wounded.
Joseph zaps a wand.
The bolt of acid hits you!
* * * LOW HITPOINT WARNING * * *
You feel better.
Joseph zaps a wand.
The bolt of acid hits you!
* * * LOW HITPOINT WARNING * * *
As you read the scroll of silence, it crumbles to dust.
A profound silence engulfs you.
Joseph hits you with a +1 spectral quarterstaff!
You die...

##################.
#..........@@......
.#####.###############..
........## ..#####..#
##.# ###'### #.....#
###.⌠.⌠.# ##.'..>..+


You could see Joseph.

Vanquished Creatures
  Sigmund (D:4)
  Menkaure (D:6)
  2 ice beasts (D:6)
  3 phantoms
  2 scorpions
  A bullfrog zombie (D:4)
  A bullfrog skeleton (D:4)
  2 hounds (D:5)
  A jelly (D:6)
  2 orc priests
  A sleepcap (D:6)
  3 iguanas
  A scorpion zombie (D:4)
  3 orc wizards
  A statue (D:5)
  3 hound skeletons (D:4)
  6 adders
  2 white imps
  3 ufetubi (D:5)
  2 adder skeletons (D:4)
  2 adder zombies (D:4)
  A worm (D:4)
  A dart slug (D:5)
  10 orcs
  2 ball pythons
  8 bats
  5 endoplasms
  3 giant cockroaches
  10 goblins
  17 hobgoblins
  3 jackals (D:5)
  10 kobolds
  A frilled lizard (D:1)
  4 rats
118 creatures vanquished.

Vanquished Creatures (others)
  A white imp (D:7)
1 creature vanquished.

Grand Total: 119 creatures vanquished

Notes
Turn   | Place    | Note
-------+----------+-------------------------------------------
     0 | D:1      | NateTC the Minotaur Fighter began the quest for the Orb.
     0 | D:1      | Reached XP level 1. HP: 19/19 MP: 0/0
    88 | D:1      | Reached skill level 3 in Axes
    91 | D:1      | Reached XP level 2. HP: 27/27 MP: 1/1
   412 | D:1      | Reached XP level 3. HP: 32/33 MP: 2/2
  1008 | D:2      | Reached skill level 4 in Axes
  1938 | D:3      | Found a faded altar of an unknown god.
  1966 | D:3      | Reached XP level 4. HP: 37/41 MP: 3/3
  2159 | D:3      | Got the Guide on the Traveller and the Chill
  2740 | D:4      | Reached skill level 5 in Axes
  3173 | D:4      | Noticed Sigmund
  3193 | D:4      | Killed Sigmund
  3194 | D:4      | Reached skill level 5 in Fighting
  3194 | D:4      | Reached skill level 6 in Axes
  3194 | D:4      | Reached XP level 5. HP: 26/48 MP: 4/4
  3194 | D:4      | Reached XP level 6. HP: 30/56 MP: 5/5
  3717 | D:4      | Reached skill level 7 in Axes
  3731 | D:4      | Reached XP level 7. HP: 43/64 MP: 6/6
  3869 | D:5      | Entered Level 5 of the Dungeon
  3914 | D:5      | Found a stormy altar of Qazlal.
  3951 | D:5      | Reached skill level 8 in Axes
  4078 | D:5      | Identified the +3 shortbow of Ikuupsi {flame, rCorr Dex+2}
  4187 | D:5      | Found a bloodstained altar of Trog.
  4203 | D:5      | Became a worshipper of Trog the Wrathful
  4480 | D:5      | Found a radiant altar of Vehumet.
  4869 | D:6      | Reached skill level 9 in Axes
  4869 | D:6      | Reached XP level 8. HP: 71/71 MP: 7/7
  4882 | D:6      | Found Cinn's Antique Armour Boutique.
  4995 | D:6      | Reached skill level 5 in Armour
  4995 | D:6      | Reached skill level 5 in Shields
  5024 | D:6      | Reached * piety under Trog
  5055 | D:6      | Found a sacrificial altar of Ru.
  5092 | D:6      | Noticed Menkaure
  5097 | D:6      | Killed Menkaure
  5149 | D:6      | Reached skill level 10 in Axes
  5371 | D:7      | Found a staircase to the Ecumenical Temple.
  5387 | D:7      | Noticed Joseph
  5397 | D:7      | HP: 2/71 [Joseph/bolt of acid (16)]
  5398 | D:7      | Mangled by Joseph

Illustrated notes

Levels and vault maps discovered:
D:1:      dpeg_arrival_solitude, layout_basic
D:2:      layout_loops_corners, st_stairs_12
D:3:      layout_basic, dreamdust_ecumenical_altar_hidden_monk_grotto
D:4:      layout_gridville, serial_undead, serial_undead_d, serial_undead_b,
          serial_undead_c, serial_undead_c, serial_undead_a, serial_undead_d,
          uniq_sigmund
D:5:      layout_basic, nicolae_qazlal_general_emergency, vehumet_statue,
          trog_hazing_becter, hangedman_abyss_or_decor_lesser_grid
D:6:      layout_rooms, nicolae_ru_path_of_blood, serial_shops, shop,
          columned_hall_lemuel, uniq_menkaure
D:7:      layout_rooms, nicolae_overflow_crystal_walls,
          minmay_temple_entry_hall, uniq_joseph, uniq_maggie,
          uniq_crazy_yiuf_cottage

Skill      XL: |  1  2  3  4  5  6  7  8 |
---------------+-------------------------+-----
Axes           | 3 4 6 7 9 10 | 10.0
Fighting       | 4 5 6 |  6.3
Armour         | 4 5 |  5.6
Shields        | 4 5 |  5.6

Action                     |  1- 3 |  4- 6 |  7- 9 || total
---------------------------+-------+-------+-------++-------
  Melee: War axe           |    72 |    85 |   103 ||   260
         Headbutt          |     6 |    16 |    15 ||    37
    Use: Scroll            |     6 |     4 |     7 ||    17
         Potion            |       |       |     1 ||     1
 Armour: Scale mail        |    29 |     2 |       ||    31
         Chain mail        |       |    33 |    18 ||    51
         Plate armour      |       |       |    35 ||    35
  Dodge: Dodged            |    39 |    37 |    29 ||   105
  Block: Buckler           |    16 |    21 |    22 ||    59
